 Dungeon Crawl Stone Soup version 0.31-a0-102-g33a4ccc0cb (webtiles) character file.

Game seed: 4119714552611438796

153 ytrimaz the Trooper (level 5, -9/88 HPs)
             Began as an Ogre Berserker on May 26, 2023.
             Was a Believer of Trog.
             Mangled by Pikel
             ... wielding a +0 whip of electrocution
              (13 damage)
             ... on level 4 of the Dungeon.
             The game lasted 00:03:38 (2830 turns).

ytrimaz the Trooper (Ogre Berserker)                Turns: 2830, Time: 00:03:39

Health: -9/88      AC:  3    Str: 23    XL:     5   Next: 35%
Magic:  5/5        EV: 10    Int:  8    God:    Trog [**....]
Gold:   55         SH:  0    Dex:  8    Spells: 4/4 levels left

rFire   . . .        a - +0 mace (freeze)
rCold   . . .        (no shield)
rNeg    . . .        b - +0 animal skin
rPois   .            (helmet restricted)
rElec   .            (no cloak)
rCorr   .            (gloves unavailable)
SInv    .            (boots unavailable)
Will    ++...        (no amulet) Stlth
                     (no ring)
HPRegen 1.34/turn    (no ring)
MPRegen 0.09/turn

%: no passive effects
@: berserking (expiring), strong-willed (expiring), regenerating (expiring),
very quick
A: large, unfitting armour, tough skin 1
a: Renounce Religion, Berserk, Trog's Hand


You were on level 4 of the Dungeon.
You worshipped Trog.
Trog was pleased with you.
You visited 1 branch of the dungeon, and saw 4 of its levels.

You collected 127 gold pieces.
You spent 72 gold pieces at shops.


Innate Abilities, Weirdness & Mutations

You are too large for most types of armour.
You have tough skin. (AC +1)


   Skills:
 + Level 6.1 Fighting
 + Level 4.2 Maces & Flails
 - Level 2.6 Dodging


You had 4 spell levels left.
You didn't know any spells.
Your spell library was empty.

Inventory:

Hand Weapons
 a - a +0 mace of freezing (weapon)
 f - a +0 morningstar
   (You took it off an orc on level 3 of the Dungeon)
Missiles
 d - 5 boomerangs
 g - a throwing net (quivered)
 i - 3 javelins
Armour
 b - a +0 animal skin (worn)
Scrolls
 c - 2 scrolls of enchant weapon
 l - a scroll of magic mapping {unknown}
 m - a scroll of enchant armour {unknown}
 n - 2 scrolls of blinking
Potions
 e - a potion of enlightenment
 h - a potion of ambrosia {unknown}
 j - 2 potions of curing
 k - 2 potions of haste

Dungeon Overview and Level Annotations

Branches:
Dungeon (4/15) Zot: 21126
 Temple: D:4-7

Altars:
Ashenzari
Makhleb

Shops:
D:1 ?   D:2 *

Annotations:
D:4 Pikel

............#
#####.#########
...............
#####.############
.......###.......#
####.......#.#.#.#
.......#####.#.#.#
#####..#####.#.#.#
#####..........#@#
...............#K#
.#####.#####...#5#
#.#########5#
#..........55
###########.# #.#
#.#


You could see Pikel and 4 lemures.


Message History

The lemure shouts!
You hear a shout!
A lemure comes into view.
You hear a shout!
There are monsters nearby!
There are monsters nearby!
There are monsters nearby!
Unknown command.
You hear a shout!
Pikel, Merchant of Souls comes into view.
He is wielding a +0 whip of electrocution.
The lemure hits you.
A lemure comes into view. 😕 HP[-2]
You take 2 damage, and now have 57/59 hp.
You barely miss the lemure. The lemure hits you. 😕 HP[-5]
You take 5 damage, and now have 52/59 hp.
You hit the lemure but do no damage.
Unknown command.
You hit Pikel. You freeze Pikel.
Pikel hits you with a +0 whip of electrocution.
You are electrocuted! 😮 HP[-11]
You take 11 damage, and now have 41/59 hp.
Your skin crawls.
You feel strong-willed.
Pikel hits you with a +0 whip of electrocution.
A lemure comes into view. 😮 HP[-1]
You take 1 damage, and now have 40/59 hp.
A red film seems to cover your vision as you go berserk!
You feel yourself moving faster!
You feel mighty!
The lemure shouts!
Pikel hits you with a +0 whip of electrocution! 😮 HP[+10]
You now have 88 max hp (+29).
You regained 10 hp, and now have 50/88 hp.
Unknown command.
You closely miss Pikel.
Pikel hits you with a +0 whip of electrocution. 😮 HP[-4]
You take 4 damage, and now have 46/88 hp.
You closely miss Pikel. 😮 HP[+1]
You closely miss Pikel.
Pikel hits you with a +0 whip of electrocution.
* * * LOW HITPOINT WARNING * * *
😨 HP[-3]
You take 3 damage, and now have 44/88 hp.
You closely miss Pikel.
Pikel hits you with a +0 whip of electrocution!
* * * LOW HITPOINT WARNING * * *
😨 HP[-8]
You take 8 damage, and now have 36/88 hp.
You closely miss Pikel.
Pikel hits you with a +0 whip of electrocution!
* * * LOW HITPOINT WARNING * * *
😨 HP[-7]
You take 7 damage, and now have 29/88 hp.
Unknown command.
You closely miss Pikel. 😨 HP[+1]
You closely miss Pikel.
Pikel hits you with a +0 whip of electrocution!
* * * LOW HITPOINT WARNING * * *
😨 HP[-6]
You take 6 damage, and now have 24/88 hp.
Unknown command.
You closely miss Pikel.
Pikel hits you with a +0 whip of electrocution.
* * * LOW HITPOINT WARNING * * *
😱 HP[-3]
You take 3 damage, and now have 21/88 hp.
You hit Pikel. You freeze Pikel.
Pikel hits you with a +0 whip of electrocution!
* * * LOW HITPOINT WARNING * * *
😱 HP[-8]
You take 8 damage, and now have 13/88 hp.
Unknown command.
You closely miss Pikel. Pikel closely misses you. 😱 HP[+1]
You closely miss Pikel. 😱 HP[+1] Unknown command.
You hit Pikel but do no damage.
Pikel hits you with a +0 whip of electrocution.
* * * LOW HITPOINT WARNING * * *
😱 HP[-5]
You take 5 damage, and now have 10/88 hp.
You barely miss Pikel.
Pikel hits you with a +0 whip of electrocution!
* * * LOW HITPOINT WARNING * * *
😱 HP[-6]
You take 6 damage, and now have 4/88 hp.
Unknown command.
You barely miss Pikel.
You feel the effects of Trog's Hand fading.
Pikel hits you with a +0 whip of electrocution.
* * * LOW HITPOINT WARNING * * *
You are electrocuted!
You die...

Skill      XL: |  1  2  3  4 |
---------------+-------------+-----
Maces & Flails | 3 4 |  4.2
Fighting       | 5 6 |  6.1
Dodging        | |  2.6

Action                     |  1- 3 |  4- 6 || total
---------------------------+-------+-------++-------
  Melee: Mace              |    81 |    93 ||   174
         Punch             |     1 |     1 ||     2
 Invoke: Berserk           |       |     2 ||     2
         Trog's Hand       |       |     1 ||     1
    Use: Scroll            |     7 |     3 ||    10
         Potion            |       |     1 ||     1
   Stab: Sleeping          |     1 |       ||     1
 Armour: Animal skin       |    24 |    23 ||    47
  Dodge: Dodged            |    41 |    39 ||    80

Levels and vault maps discovered:
D:1:      ldierk_walled_garden_2, layout_loops_ring, serial_shops, shop_statue
D:2:      layout_basic, serial_shops, nicolae_shop_crystal, nicolae_titane,
          uniq_terence
D:3:      layout_basic, mainiacjoe_overflow_large_starburst, minivault_25
D:4:      layout_basic, uniq_menkaure, uniq_pikel, uniq_sigmund

Notes
Turn   | Place    | Note
-------+----------+-------------------------------------------
     0 | D:1      | ytrimaz the Ogre Berserker began the quest for the Orb.
     0 | D:1      | Reached XP level 1. HP: 24/24 MP: 1/1
     0 | D:1      | magus.rc [v1.9.6]
   163 | D:1      | Reached XP level 2. HP: 33/33 MP: 2/2
   167 | D:1      | Reached skill level 3 in Maces & Flails
   391 | D:1      | Found Aduplux's Magic Scroll Shop.
   430 | D:1      | Reached ** piety under Trog
   527 | D:1      | Reached XP level 3. HP: 38/41 MP: 3/3
  1079 | D:2      | Reached skill level 5 in Fighting
  1233 | D:2      | Found Nomecu's Assorted Antiques.
  1241 | D:2      | Bought a cyan potion for 17 gold pieces
  1241 | D:2      | Bought a scroll labelled JUXAWOF BIACZO for 19 gold pieces
  1241 | D:2      | Bought a scroll labelled VEDAESHRU ARGHIA for 19 gold
                  | pieces
  1241 | D:2      | Bought a black potion for 17 gold pieces
  1288 | D:2      | Noticed Terence
  1297 | D:2      | Killed Terence
  1298 | D:2      | Reached XP level 4. HP: 21/50 MP: 4/4
  1547 | D:3      | Found a broken altar of Ashenzari.
  1577 | D:3      | Found a burning altar of Makhleb.
  2023 | D:3      | HP: 13/52 [poisoned by an adder]
  2028 | D:3      | HP: 10/52 [poisoned by an adder]
  2559 | D:3      | Reached skill level 4 in Maces & Flails
  2606 | D:4      | Reached skill level 6 in Fighting
  2606 | D:4      | Reached XP level 5. HP: 43/59 MP: 5/5
  2808 | D:4      | Noticed a lemure
  2808 | D:4      | Noticed a lemure
  2809 | D:4      | Noticed Pikel
  2811 | D:4      | Noticed a lemure
  2815 | D:4      | Noticed a lemure
  2824 | D:4      | HP: 21/88 [Pikel/+0 whip of electrocution (5)]
  2828 | D:4      | HP: 10/88 [Pikel/+0 whip of electrocution (6)]
  2829 | D:4      | HP: 4/88 [Pikel/+0 whip of electrocution (7)]
  2830 | D:4      | Mangled by Pikel

Vanquished Creatures
  An orc priest (D:4)
  Terence (D:2)
  3 adders
  A worm (D:2)
  2 dart slugs
  7 orcs
  2 ball pythons
  An endoplasm (D:1)
  3 giant cockroaches
  7 goblins
  7 hobgoblins
  5 quokkas
  4 bats
  5 frilled lizards
  6 kobolds
  3 rats
58 creatures vanquished.

Table legend:
 A = Non-vault XP
 B = Vault XP
 C = Vault XP percentage of total XP
 D = Non-vault monster count
 E = Vault monster count
 F = Vault count percentage of total count
                 A         B        C        D         E       F
            +---------+---------+-------+---------+---------+-------
      Total |     187 |      32 |  14.6 |      57 |       1 |   1.7
            +---------+---------+-------+---------+---------+-------
        D:1 |      36 |       0 |   0.0 |      22 |       0 |   0.0
        D:2 |      39 |      32 |  45.1 |      14 |       1 |   6.7
        D:3 |      53 |       0 |   0.0 |      12 |       0 |   0.0
        D:4 |      59 |       0 |   0.0 |       9 |       0 |   0.0
            +---------+---------+-------+---------+---------+-------

Skill      XL: |  1  2  3  4 |
---------------+-------------+-----
Maces & Flails | 3 4 |  4.2
Fighting       | 5 6 |  6.1
Dodging        | |  2.6

Action                     |  1- 3 |  4- 6 || total
---------------------------+-------+-------++-------
  Melee: Mace              |    81 |    93 ||   174
         Punch             |     1 |     1 ||     2
 Invoke: Berserk           |       |     2 ||     2
         Trog's Hand       |       |     1 ||     1
    Use: Scroll            |     7 |     3 ||    10
         Potion            |       |     1 ||     1
   Stab: Sleeping          |     1 |       ||     1
 Armour: Animal skin       |    24 |    23 ||    47
  Dodge: Dodged            |    41 |    39 ||    80

Illustrated notes

Table legend:
 A = Kills in this place as a percentage of kills in the entire game.
 B = Kills by you in this place as a percentage of kills by you in the entire game.
 C = Kills by friends in this place as a percentage of kills by friends in the entire game.
 D = Other kills in this place as a percentage of other kills in the entire game.
 E = Experience gained in this place as a percentage of experience gained in the entire game.
 F = Experience gained in this place divided by the number of levels of this place that you have seen.
                   A       B       C       D       E      F
               +-------+-------+-------+-------+-------+----------------------
         Total | 100.0 | 100.0 |   N/A |   N/A | 100.0 |  54.8
       Dungeon | 100.0 | 100.0 |   N/A |   N/A | 100.0 |  54.8
               +-------+-------+-------+-------+-------+----------------------

Table legend: (Time is in decaauts)
 A = Elapsed time spent in this place.
 B = Non-inter-level travel time spent in this place.
 C = Inter-level travel time spent in this place.
 D = Time resting spent in this place.
 E = Time spent auto-exploring this place.
 F = Levels seen in this place.
 G = Mean time per level.
                   A        B        C        D        E       F      G
               +--------+--------+--------+--------+--------+-----+--------+
         Total |   2873 |   2821 |     52 |      0 |   2376 |   4 |  718.2 |
       Dungeon |   2873 |   2821 |     52 |      0 |   2376 |   4 |  718.2 |
               +--------+--------+--------+--------+--------+-----+--------+

Top non-repeatable levels by time:
     D:3: 1086 daAuts
     D:1: 799 daAuts
     D:2: 738 daAuts
     D:4: 249 daAuts
